 Dungeon Sprint DCSS version 0.28-a0-406-g4bac719ec2 (console) character file.

Game seed: 4640031918621921367

1865 Morrissey the Grappler (level 8, -16/87 HPs)
             Began as a Troll Monk on Sept 5, 2021.
             Was an Elder of Makhleb.
             Demolished by a boulder beetle (31 damage)
             ... in the Dungeon (Sprint IX: "|||||||||||||||||||||||||||||").
             The game lasted 00:02:13 (248 turns).

Morrissey the Grappler (Troll Monk)                  Turns: 248, Time: 00:02:13

Health: -16/87     AC:  2    Str: 20    XL:     8   Next: 90%
Magic:  9/11       EV: 15    Int:  6    God:    Makhleb [****..]
Gold:   0          SH:  0    Dex: 17    Spells: 7/7 levels left

rFire   . . .      SeeInvis .     - Unarmed
rCold   . . .      Faith    .   (no shield)
rNeg    . . .      Spirit   .   a - +0 robe
rPois   .          Reflect  .   (helmet restricted)
rElec   .          Harm     .   (no cloak)
rCorr   .          Rampage  .   (gloves unavailable)
Will    .....      NoTele   +   (boots unavailable)
Stlth   ++........              (no amulet)
HPRegen 1.24/turn               k - +3 ring of dexterity
MPRegen 0.12/turn               l - +2 ring of protection

@: corroded
A: large, unfitting armour, claws 3, regeneration 1, shaggy fur 1, tough skin 1
a: Renounce Religion, Minor Destruction, Lesser Servant of Makhleb, Major
Destruction


You were in the Dungeon.
You worshipped Makhleb.
Makhleb was greatly pleased with you.
You visited 1 branch

Inventory:

Armour
 a - a +0 robe (worn)
Jewellery
 k - a +3 ring of dexterity (left claw)
 l - a +2 ring of protection (right claw)
Wands
 j - a wand of iceblast (8)
Scrolls
 g - 2 scrolls of blinking
 i - 2 scrolls of amnesia
Potions
 b - 5 potions of curing
 d - a potion of haste
 e - 4 potions of magic
 h - a potion of invisibility


   Skills:
 + Level 7.6 Fighting
 * Level 10.4 Dodging
 - Level 1.0 Stealth
 * Level 12.2 Unarmed Combat
 + Level 5.9 Invocations


You had 7 spell levels left.
You didn't know any spells.
Your spell library was empty.

Dungeon Overview and Level Annotations

Branches:
Dungeon (1/1)

Altars:
Cheibriados
Dithmenos
Elyvilon
Fedhas
Gozag
Hepliaklqana
Kikubaaqudgha
Makhleb
Nemelex Xobeh
Okawaru
Qazlal
Ru
Sif Muna
Trog
Uskayaw
Vehumet
Wu Jian
Xom
Yredelemnul
Zin
The Shining One
Beogh
Jiyva
Lugonu


Innate Abilities, Weirdness & Mutations

You are too large for most types of armour.
You have claws for hands.
Your natural rate of healing is unusually fast.
You are covered in fur. (AC +1)
You have tough skin. (AC +1)


Message History

Your Dodging skill increases to level 10!
Your Unarmed Combat skill increases to level 11!
Your Invocations skill increases to level 5!
You have reached level 8!
The efreet gestures at you. The bolt of fire hits you!!
* * * LOW HITPOINT WARNING * * *
Things that are here:
a +0 longbow; 25 arrows; a centaur corpse You scratch the efreet.
The efreet is lightly wounded.
The boulder beetle leaps!
The efreet misses you.
You mangle the efreet!! You claw the efreet, but do no damage.
The efreet is severely wounded.
The efreet hits you but does no damage.
You claw the efreet! You claw the efreet, but do no damage.
The efreet is almost dead.
You scratch the efreet.
The efreet is almost dead.
The efreet hits you with a +3 scimitar of flaming!
* * * LOW HITPOINT WARNING * * *
The efreet burns you.
* * * LOW HITPOINT WARNING * * *
You claw the efreet!
You kill the efreet!
Makhleb accepts your kill.
You can now hurl Makhleb's greater destruction.
You feel better. The boulder beetle bites you.
* * * LOW HITPOINT WARNING * * *
Your Unarmed Combat skill increases to level 12!
You closely miss the brown ugly thing.
The brown ugly thing closely misses you.
The boulder beetle bites you.
* * * LOW HITPOINT WARNING * * *
You feel much better. The brown ugly thing pecks you!
* * * LOW HITPOINT WARNING * * *
The acid corrodes you!
You are splashed with acid!
* * * LOW HITPOINT WARNING * * *
The boulder beetle bites you!!
You die...

▓'▓
▓)▓
▓.▓
▓)▓
▓†▓
▓.▓
▓.▓
▓B▓
▓@▓
▓u▓
▓D▓
▓c▓
▓.▓
▓.▓
▓+▓


You could see a boulder beetle, a five-headed hydra, a brown ugly thing and a
centaur.

Vanquished Creatures
  A centaur warrior (D)
  An efreet (D)
  A hornet (D)
  A shadow (D)
  A yak (D)
  An acid dragon (D)
  A necrophage (D)
  A centaur (D)
  A phantom (D)
  A kobold brigand (D)
  A hound (D)
  An iguana (D)
  A giant cockroach (D)
  A hobgoblin (D)
  A ball python (D)
  A bat (D)
  A quokka skeleton (D)
  A rat (D)
18 creatures vanquished.

Notes
Turn   | Place    | Note
-------+----------+-------------------------------------------
     0 | D        | Morrissey the Troll Monk began the quest for the Orb.
     0 | D        | Reached XP level 1. HP: 22/22 MP: 0/0
    21 | D        | Noticed a necrophage
    21 | D        | Noticed a hound
    21 | D        | Noticed a phantom
    21 | D        | Noticed an iguana
    33 | D        | Killed a necrophage
    34 | D        | Reached skill level 5 in Dodging
    34 | D        | Reached skill level 6 in Unarmed Combat
    34 | D        | Reached XP level 2. HP: 17/32 MP: 1/1
    34 | D        | Reached XP level 3. HP: 21/39 MP: 2/2
    34 | D        | Reached XP level 4. HP: 26/48 MP: 3/3
    41 | D        | Killed a phantom
    42 | D        | Reached skill level 7 in Unarmed Combat
    42 | D        | Reached XP level 5. HP: 27/55 MP: 4/4
    45 | D        | Reached skill level 5 in Fighting
    45 | D        | Reached skill level 8 in Unarmed Combat
    78 | D        | Found a snail-covered altar of Cheibriados.
    78 | D        | Found a shadowy altar of Dithmenos.
    78 | D        | Found a white marble altar of Elyvilon.
    78 | D        | Found a blossoming altar of Fedhas.
    78 | D        | Found an opulent altar of Gozag.
    79 | D        | Found a hazy altar of Hepliaklqana.
    80 | D        | Found a viscous altar of Jiyva.
    81 | D        | Found an ancient bone altar of Kikubaaqudgha.
    82 | D        | Found a corrupted altar of Lugonu.
    83 | D        | Found a burning altar of Makhleb.
    84 | D        | Found a sparkling altar of Nemelex Xobeh.
    85 | D        | Found an iron altar of Okawaru.
    86 | D        | Found a stormy altar of Qazlal.
    87 | D        | Found a sacrificial altar of Ru.
    88 | D        | Found a shimmering blue altar of Sif Muna.
    89 | D        | Found a bloodstained altar of Trog.
    90 | D        | Found a hide-covered altar of Uskayaw.
    91 | D        | Found a radiant altar of Vehumet.
    92 | D        | Found an ornate altar of the Wu Jian Council.
    93 | D        | Found a shimmering altar of Xom.
    94 | D        | Found a basalt altar of Yredelemnul.
    95 | D        | Found a glowing silver altar of Zin.
    96 | D        | Found a glowing golden altar of the Shining One.
   121 | D        | Became a worshipper of Makhleb the Destroyer
   121 | D        | Reached * piety under Makhleb
   121 | D        | Reached ** piety under Makhleb
   153 | D        | Noticed an acid dragon
   153 | D        | Noticed a yak
   153 | D        | Noticed a centaur
   153 | D        | Noticed a shadow
   153 | D        | Noticed a hornet
   160 | D        | Killed an acid dragon
   161 | D        | Reached skill level 9 in Unarmed Combat
   161 | D        | Reached XP level 6. HP: 37/67 MP: 4/7
   164 | D        | Killed a yak
   165 | D        | Reached XP level 7. HP: 15/74 MP: 4/8
   170 | D        | Reached skill level 10 in Unarmed Combat
   170 | D        | HP: 2/75 [something (29)]
   176 | D        | Killed a shadow
   176 | D        | Reached *** piety under Makhleb
   178 | D        | Paralysed by a hornet for 1 turns
   182 | D        | Killed a hornet
   232 | D        | Noticed a centaur warrior
   232 | D        | Noticed an efreet
   232 | D        | Noticed a brown ugly thing
   232 | D        | Noticed a five-headed hydra
   232 | D        | Noticed a boulder beetle
   240 | D        | Killed a centaur warrior
   241 | D        | Reached skill level 10 in Dodging
   241 | D        | Reached skill level 11 in Unarmed Combat
   241 | D        | Reached skill level 5 in Invocations
   241 | D        | Reached XP level 8. HP: 37/87 MP: 9/11
   246 | D        | Killed an efreet
   246 | D        | Reached **** piety under Makhleb
   247 | D        | Reached skill level 12 in Unarmed Combat
   248 | D        | Demolished by a boulder beetle

Illustrated notes

Levels and vault maps discovered:
D:        linesprint [early_d, line_temple, items_1, d_10, items_2, lair_1,
          lair_end, items_3, orc_1, orc_end, items_4, d_15, swamp_1, shoals_1,
          snake_1, spider_1, d_20, vaults_1, items_5, swamp_end, shoals_end,
          snake_end, spider_end, vaults_end, d_27, items_6, zot_1, zot_end,
          crypt_end, forest_end, elf_end, slime_end, tomb_end, abyss_end,
          pan_hell_end]

Skill      XL: |  1  2  3  4  5  6  7  8 |
---------------+-------------------------+-----
Dodging        | 5 6 7 8 10 | 10.4
Fighting       | 3 4 5 7 |  7.6
Unarmed Combat | 6 7 9 11 12 | 12.2
Invocations    | 2 3 5 |  5.9
Stealth        | |  1.0

Action                   |  1- 3 |  4- 6 |  7- 9 || total
-------------------------+-------+-------+-------++-------
Melee: Unarmed           |    20 |    17 |    25 ||    62
       Punch             |       |     3 |     4 ||     7
Evoke: Wand              |       |     2 |       ||     2
  Use: Potion            |       |       |     4 ||     4
Armor: Robe              |     3 |       |     8 ||    11
Dodge: Dodged            |     9 |     8 |    17 ||    34

Table legend: (Time is in decaauts)
 A = Elapsed time spent in this place.
 B = Non-inter-level travel time spent in this place.
 C = Inter-level travel time spent in this place.
 D = Time resting spent in this place.
 E = Time spent auto-exploring this place.
 F = Levels seen in this place.
 G = Mean time per level.
                   A        B        C        D        E       F      G
               +--------+--------+--------+--------+--------+-----+--------+
         Total |    246 |    246 |      0 |     84 |      0 |   1 |  246.0 |
       Dungeon |    246 |    246 |      0 |     84 |      0 |   1 |  246.0 |
               +--------+--------+--------+--------+--------+-----+--------+

Top non-repeatable levels by time:
       D: 246 daAuts
